 Dungeon Crawl Stone Soup version 0.29.1-13-g9f3cf754e1 (webtiles) character file.

Game seed: 16657328081094150425

54 DemonSlayer the Digger (level 3, 0/24 HPs)
             Began as a Demonspawn Earth Elementalist on Feb 1, 2023.
             Slain by an orc wizard
             ... wielding a +0 dagger
              (2 damage)
             ... on level 3 of the Dungeon.
             The game lasted 00:04:08 (2101 turns).

DemonSlayer the Digger (DsEE)                       Turns: 2101, Time: 00:04:09

Health: 0/24       AC:  3    Str: 10    XL:     3   Next: 66%
Magic:  5/6        EV: 12    Int: 16    God:
Gold:   115        SH:  0    Dex: 13    Spells: 6/7 levels left

rFire   . . .      SeeInvis .   c - +0 mace
rCold   + . .      Faith    .   (no shield)
rNeg    . . .      Spirit   .   a - +0 robe
rPois   .          Reflect  .   (no helmet)
rElec   .          Harm     .   (no cloak)
rCorr   .          Rampage  .   (no gloves)
Will    .....                   (no boots)
Stlth   ++........              (no amulet)
HPRegen 0.08/turn               m - ring of protection from cold
MPRegen 0.10/turn               (no ring)

@: mighty, brilliant
A: powered by death 1, sharp scales 1
a: no special abilities


You were on level 3 of the Dungeon.
You visited 1 branch of the dungeon, and saw 3 of its levels.

You collected 115 gold pieces.

Inventory:

Hand Weapons
 c - a +0 mace (weapon)
Missiles
 r - 6 boomerangs
Armour
 a - a +0 robe (worn)
Jewellery
 m - a ring of protection from cold (left hand)
Scrolls
 d - 2 scrolls of fear {unknown}
 j - 2 scrolls of identify {unknown}
 n - 3 scrolls of brand weapon {unknown}
 o - a scroll of amnesia {unknown}
 p - a scroll of enchant armour {unknown}
 q - a scroll of vulnerability {unknown}
Potions
 g - a potion of invisibility {unknown}
 h - a potion of heal wounds {unknown}
 i - a potion of curing {unknown}
 k - 2 potions of cancellation {unknown}
 l - a potion of magic
 s - a potion of degeneration {unknown}


   Skills:
 + Level 2.0 Dodging
 + Level 2.1 Stealth
 + Level 0.4 Unarmed Combat
 + Level 2.6 Spellcasting
 + Level 0.8 Transmutations
 + Level 3.4 Earth Magic


You had 6 spell levels left.
You knew the following spells:

 Your Spells              Type           Power      Damage    Failure   Level
a - Sandblast             Erth           38%        2d10      4%          1

Your spell library contained the following spells:

 Spells                   Type           Power      Damage    Failure   Level
 Passwall                 Tmut/Erth      10%        N/A       12%         2
 Beastly Appendage        Tmut           14%        N/A       14%         1
 Wereblood                Tmut           7%         N/A       21%         2
 Stone Arrow              Conj/Erth      22%        3d8       28%         3
 Spider Form              Tmut/Pois      5%         N/A       43%         3
 Petrify                  Tmut/Erth      13%        N/A       63%         4


Dungeon Overview and Level Annotations

Branches:
Dungeon (3/15)

Altars:


Innate Abilities, Weirdness & Mutations

You regenerate a little health from kills.
You are partially covered in razor-sharp scales. (AC +1, Slay +1)


Message History

Casting: Sandblast (safe; 4% risk of failure)
Confirm with . or Enter, or press ? or * to list all spells.
Aiming: Sandblast (safe; 4% risk of failure)
Press: ? - help, Shift-Dir - straight line, f/p - orc wizard
Aim: an orc wizard, wielding a +0 dagger and wearing a +0 robe (moderately wounded, 77% to hit)
The blast of sand hits the orc wizard.
The orc wizard is severely wounded.
The ball python bites you but does no damage.
The ball python constricts you.
The orc wizard hits you with a +0 dagger.
* * * LOW HITPOINT WARNING * * *
The ball python bites you.
* * * LOW HITPOINT WARNING * * *
The ball python constricts you. The orc wizard barely misses you.
Casting: Sandblast (safe; 4% risk of failure)
Confirm with . or Enter, or press ? or * to list all spells.
Aiming: Sandblast (safe; 4% risk of failure)
Press: ? - help, Shift-Dir - straight line, f/p - orc wizard
Aim: an orc wizard, wielding a +0 dagger and wearing a +0 robe (severely wounded, 77% to hit)
The blast of sand hits the orc wizard but does no damage.
The orc wizard is severely wounded.
The ball python barely misses you. The ball python constricts you.
The orc wizard barely misses you.
It was a potion of might.
You feel very mighty all of a sudden.
The ball python bites you but does no damage.
The ball python constricts you.
The orc wizard hits you but does no damage.
The ball python bites you but does no damage.
The ball python constricts you.
* * * LOW HITPOINT WARNING * * *
Unknown command.
Unknown command.
You escape the ball python's grasp.
The orc wizard gestures at you while chanting.
You resist with significant effort.
It was a potion of brilliance.
You feel clever all of a sudden.
The orc wizard hits you with a +0 dagger.
You die...

#.##)# #.# .. ##.## #.####
## ##.).######.....
..##.....##.)..####
...'..o⌠........#.. ...
...###...###....#.# ... ..
#...##.....#.######.#.. .
#.>.#.................#
#...##.o@..#.######.#.#
.###...###S####.....##.#.#
o'...⌠..)'.#
#.....##.#.###
o##.....####
#.....##.#.... ##...##
#<....##.#.### ##.#
#.....##...... #+
#.....####.###
#............. ###
#......###.###


You could see an orc wizard and a ball python.

Vanquished Creatures
  An adder (D:2)
  A dart slug (D:1)
  3 orcs (D:3)
  3 endoplasms
  2 giant cockroaches
  8 goblins
  4 hobgoblins (D:1)
  3 quokkas
  3 ball pythons
  3 bats
  3 frilled lizards
  A kobold (D:3)
35 creatures vanquished.

Notes
Turn   | Place    | Note
-------+----------+-------------------------------------------
     0 | D:1      | DemonSlayer the Demonspawn Earth Elementalist began the
                  | quest for the Orb.
     0 | D:1      | Reached XP level 1. HP: 13/13 MP: 3/3
   226 | D:1      | You fall into a shaft and drop 1 floor!
   323 | D:2      | Reached skill level 3 in Earth Magic
   424 | D:1      | Gained mutation: You are partially covered in razor-sharp
                  | scales. (AC +1, Slay +1) [demonic ancestry]
   424 | D:1      | Reached XP level 2. HP: 19/19 MP: 3/5
   428 | D:1      | Found a faded altar of an unknown god.
  1160 | D:2      | Gained mutation: You regenerate a little health from kills.
                  | [demonic ancestry]
  1160 | D:2      | Reached XP level 3. HP: 24/24 MP: 3/6
  2099 | D:3      | HP: 1/24 [constriction (1)]
  2101 | D:3      | Slain by an orc wizard

Illustrated notes

Levels and vault maps discovered:
D:1:      lemuel_arrival_hallway, layout_basic, dreamdust_ecumenical_altar_grove
D:2:      layout_rooms
D:3:      layout_basic, grunt_ministairs_15

Skill      XL: |  1  2 |
---------------+-------+-----
Earth Magic    | 3 |  3.4
Stealth        | 2 |  2.1
Dodging        | 2 |  2.0
Unarmed Combat | |  0.4
Spellcasting   | |  2.6
Transmutations | |  0.8

Action                   || total
-------------------------++-------
Melee: Unarmed           ||    22
       Mace              ||     9
 Cast: Sandblast         ||    50
  Use: Potion            ||     4
Armor: Robe              ||    13
Dodge: Dodged            ||    35
